 Dungeon Crawl Stone Soup version 0.31-a0-702-gf82c85558f (webtiles) character file.

Game seed: 5909857425536364782

74 qw the Shooter (level 4, -3/28 HPs)
             Began as a Gargoyle Hunter on Sept 8, 2023.
             Slain by Sigmund
             ... wielding a +0 scythe
              (9 damage)
             ... on level 2 of the Dungeon.
             The game lasted 00:00:25 (764 turns).

qw the Shooter (Gargoyle Hunter)                     Turns: 764, Time: 00:00:26

Health: -3/28      AC:  8    Str: 15    XL:     4   Next: 30%
Magic:  4/4        EV: 11    Int:  9    God:
Gold:   93         SH:  0    Dex: 15    Spells: 3/3 levels left

rFire   . . .        Y - +0 shortbow
rCold   . . .        (shield currently unavailable)
rNeg    + . .        h - +0 ring mail
rPois   inf          (no helmet)
rElec   +            (no cloak)
rCorr   .            (no gloves)
SInv    .            (no boots)
Will    .....        (no amulet)
Stlth   +            (no ring)
HPRegen 0.24/turn    (no ring)
MPRegen 0.09/turn

%: no passive effects
@: no status effects
A: sickness immunity, AC +3, negative energy resistance 1, electricity
resistance, torment resistance 1, petrification resistance
a: no special abilities


You were on level 2 of the Dungeon.
You visited 1 branch of the dungeon, and saw 2 of its levels.

You collected 93 gold pieces.


Innate Abilities, Weirdness & Mutations

You are immune to sickness and miasma.
Your stone body is resilient. (AC +3)
You are immune to poison.
You resist negative energy. (rN+)
You are resistant to electric shocks. (rElec)
You are resistant to unholy torment.
You are immune to petrification.


   Skills:
 - Level 3.0 Fighting
 + Level 5.1 Ranged Weapons
 - Level 1.1 Armour
 - Level 1.5 Dodging
 - Level 1.1 Stealth


You had 3 spell levels left.
You didn't know any spells.
Your spell library was empty.

Inventory:

Hand Weapons
 Y - a +0 shortbow (weapon)
Armour
 h - a +0 ring mail (worn)
Jewellery
 f - a ring of ice
 k - a ring of fire
Scrolls
 a - a scroll of blinking {unknown}
 b - a scroll of identify
 c - a scroll of fear {unknown}
 g - a scroll of enchant armour {unknown}
Potions
 d - a potion of resistance {unknown}
 e - a potion of enlightenment {unknown}
 i - a potion of degeneration {unknown}
 j - a potion of might {unknown}

Dungeon Overview and Level Annotations

Branches:
Dungeon (2/15)

Altars:
Gozag

Shops:
D:1 =

Annotations:
D:2 Sigmund


Message History

The arrow closely misses the frilled lizard.
The arrow hits the quokka!
You kill the quokka!
You hear a shout!
Sigmund the Dreaded comes into view.
He is wielding a +0 scythe.
An endoplasm comes into view.
You shoot an arrow. The arrow hits the endoplasm!
You kill the endoplasm!
You shoot an arrow. The arrow hits the frilled lizard.
You kill the frilled lizard!
You shoot an arrow. The arrow barely misses Sigmund.
Sigmund mumbles some strange words.
Sigmund flickers and vanishes!
Deactivating autopickup; reactivate with Ctrl-A.
You shoot an arrow. You shoot an arrow.
A magic dart appears from out of thin air!
The magic dart hits you.
You shoot an arrow. Something hits you but does no damage.
You shoot an arrow.
A magic dart appears from out of thin air!
The magic dart hits you.
You shoot an arrow. Something hits you.
You shoot an arrow.
You hear some strange, mumbled words.
Something tries to affect you, but you resist.
You shoot an arrow. Something hits you but does no damage.
You shoot an arrow. Something barely misses you.
You shoot an arrow. You shoot an arrow. Something hits you!
You shoot an arrow. Something hits you.
You shoot an arrow. Something hits you!
You die...

#############
##..........@#
##....#######..{.....
####...#.###
#..###..%
............. ...#
.........#### ...#
############# .#..#
.#..........#####.#
..#....#######.#..# #
...#..#..####.....#
.#


There were no monsters in sight!

Vanquished Creatures
  4 adders (D:2)
  2 dart slugs
  3 bats
  3 endoplasms
  6 hobgoblins (D:1)
  A quokka (D:2)
  2 ball pythons (D:1)
  2 frilled lizards
  3 goblins
  6 kobolds (D:1)
  3 rats (D:1)
35 creatures vanquished.

Notes
Turn   | Place    | Note
-------+----------+-------------------------------------------
     0 | D:1      | qw the Gargoyle Hunter began the quest for the Orb.
     0 | D:1      | Reached XP level 1. HP: 12/12 MP: 1/1
     0 | D:1      | 0 ||| qw: Version: 0.3-a-76-g4403597
     0 | D:1      | 0 ||| qw: Game counter: 1248
     0 | D:1      | 0 ||| qw: Melee chars always use a shield: true
     0 | D:1      | 0 ||| qw: God list: Okawaru
     0 | D:1      | 0 ||| qw: Allow faded altars: false
     0 | D:1      | 0 ||| qw: Do Orc after clearing Dungeon:15 true
     0 | D:1      | 0 ||| qw: Do second Lair branch before Depths: true
     0 | D:1      | 0 ||| qw: Lair rune preference: random
     0 | D:1      | 0 ||| qw: Goals: Normal
     0 | D:1      | 0 ||| PLANNING D:1-11
   116 | D:1      | Reached XP level 2. HP: 17/17 MP: 2/2
   237 | D:1      | Found Qusacil's Jewellery Emporium.
   245 | D:1      | 245 ||| SHOPLISTING +4 ring of protection (432 gold, have
                  | 40).
   245 | D:1      | 245 ||| SHOPLISTING amulet of faith (480 gold, have 40).
   245 | D:1      | 245 ||| SHOPLISTING ring "Imigreaj" {rPois rC+} (408 gold,
                  | have 40).
   245 | D:1      | 245 ||| SHOPLISTING ring of protection from fire (300 gold,
                  | have 40).
   245 | D:1      | 245 ||| SHOPLISTING ring of resist corrosion (240 gold,
                  | have 40).
   245 | D:1      | 245 ||| SHOPLISTING ring of see invisible (180 gold, have
                  | 40).
   349 | D:1      | Reached XP level 3. HP: 21/21 MP: 3/3
   354 | D:1      | 354 ||| UPGRADING to +0 ring mail.
   364 | D:1      | Reached skill level 5 in Ranged Weapons
   381 | D:1      | 381 ||| UPGRADING to +0 ring mail.
   391 | D:1      | 391 ||| DROPPING +0 leather armour.
   548 | D:1      | 548 ||| READING scroll labelled BODEPNEMOY.
   549 | D:1      | 549 ||| READING 2 scrolls labelled PEXKUT KUPO.
   550 | D:1      | 550 ||| DROPPING scroll of butterflies.
   551 | D:1      | 551 ||| DROPPING scroll of fog.
   571 | D:2      | Found an opulent altar of Gozag.
   597 | D:2      | Reached skill level 1 in Armour
   651 | D:2      | Reached XP level 4. HP: 24/27 MP: 4/4
   678 | D:2      | Reached skill level 3 in Fighting
   749 | D:2      | Noticed Sigmund
   763 | D:2      | HP: 5/28 [something (4)]
   764 | D:2      | Slain by Sigmund

Levels and vault maps discovered:
D:1:      nagdon_arrival_double_spiral, layout_basic, serial_glass,
          glass_columns_a, glass_columns_c, serial_shops, shop
D:2:      layout_loops_ring, basic_altar, nicolae_half_adder, uniq_sigmund,
          uniq_terence

Skill      XL: |  1  2  3  4 |
---------------+-------------+-----
Ranged Weapons | 5 |  5.1
Armour         | 1 |  1.1
Fighting       | 3 |  3.0
Dodging        | |  1.5
Stealth        | |  1.1

Action                     |  1- 3 |  4- 6 || total
---------------------------+-------+-------++-------
   Fire: Shortbow          |    86 |    27 ||   113
    Use: Scroll            |     2 |       ||     2
 Armour: Leather armour    |     9 |       ||     9
         Ring mail         |    10 |    11 ||    21
  Dodge: Dodged            |    22 |     1 ||    23

Table legend:
 A = Non-vault XP
 B = Vault XP
 C = Vault XP percentage of total XP
 D = Non-vault monster count
 E = Vault monster count
 F = Vault count percentage of total count
                 A         B        C        D         E       F
            +---------+---------+-------+---------+---------+-------
      Total |      67 |      40 |  37.4 |      32 |       3 |   8.6
            +---------+---------+-------+---------+---------+-------
        D:1 |      41 |       0 |   0.0 |      25 |       0 |   0.0
        D:2 |      26 |      40 |  60.6 |       7 |       3 |  30.0
            +---------+---------+-------+---------+---------+-------
